 Dungeon Crawl Stone Soup version 0.24-a0-521-g122614bf49 (webtiles) character file.

Game seed: 8396415079894664481

2632 Gynju the Cleaver (level 9, -5/66 HPs)
             Began as a Hill Orc Fighter on July 30, 2019.
             Was a Believer of Ru.
             Slain by an orc warrior
             ... wielding a +0 hand axe
              (7 damage)
             ... in a bailey.
             The game lasted 00:13:06 (6588 turns).

Gynju the Cleaver (Hill Orc Fighter)                Turns: 6588, Time: 00:13:06

Health: -5/66      AC: 14    Str: 22    XL:     9   Next: 61%
Magic:  0/9        EV:  6    Int:  8    God:    Ru [**....]
Gold:   211        SH:  0    Dex: 10    Spells: 8/8 levels left

rFire    . . .     SeeInvis .   a - +3 battleaxe
rCold    . . .     Gourm    .   (shield currently unavailable)
rNeg     . . .     Faith    .   j - +0 plate armour
rPois    .         Spirit   +   m - +0 helmet
rElec    .         Reflect  .   p - scarf {Spirit}
rCorr    .         Harm     .   i - +0 pair of gloves (curse)
MR       .....                  (no boots)
Stlth    ..........             (no amulet)
HPRegen  0.21/turn              (no ring)
MPRegen  0.11/turn              (no ring)

@: marked
A: frail 1, no stealth
a: Renounce Religion


You were in a bailey.
You worshipped Ru.
Ru was pleased with you.
You were not hungry.

You visited 1 branch of the dungeon, and saw 7 of its levels.
You also visited: Ossuary and Bailey.

You collected 211 gold pieces.

Inventory:

Hand Weapons
 a - a +3 battleaxe (weapon)
Missiles
 h - 8 atropa-tipped darts (quivered)
 D - 5 silver javelins
Armour
 c - a +0 shield
 i - a cursed +0 pair of gloves (worn)
 j - a +0 plate armour (worn)
 m - a +0 helmet (worn)
 p - a scarf of spirit shield (worn)
Jewellery
 e - an uncursed amulet of magic regeneration {unknown}
Wands
 o - a wand of enslavement (7)
 t - a wand of polymorph (4)
 C - a wand of iceblast (4)
Scrolls
 b - a scroll of identify
 g - a scroll of enchant armour
 k - 3 scrolls of enchant weapon
 l - a scroll of fear
 n - 6 scrolls of remove curse
 q - 2 scrolls of fog {unknown}
 s - a scroll of magic mapping {unknown}
 x - 2 scrolls of random uselessness {unknown}
 y - 2 scrolls of immolation {unknown}
 A - a scroll of teleportation {unknown}
Potions
 d - 2 potions of might
 r - 2 potions of heal wounds
 u - a potion of degeneration
 v - 2 potions of haste
 z - 2 potions of flight
 B - 3 potions of brilliance
 E - a potion of magic {unknown}
 F - a potion of mutation {unknown}
Comestibles
 f - 11 rations
 w - 2 chunks of flesh


   Skills:
 + Level 5.3 Fighting
 * Level 14.3 Axes
 + Level 4.8 Armour
 - Level 4.8 Shields


You had 8 spell levels left.
You didn't know any spells.
Your spell library contained the following spells:

 Spells                   Type           Power        Failure   Level  Hunger
 Animate Skeleton         Necr           N/A          100%        1    ##.....
 Apportation              Tloc           #.....       100%        1    ##.....
 Beastly Appendage        Tmut           #.....       100%        1    ##.....
 Confusing Touch          Hex            #.....       100%        1    ##.....
 Summon Small Mammal      Summ           #...         100%        1    ##.....
 Sticks to Snakes         Tmut           #.......     100%        2    ###....
 Spider Form              Tmut/Pois      #.........   100%        3    ####...
 Ice Form                 Ice/Tmut       #.......     100%        4    #####..
 Blade Hands              Tmut           #.........   100%        5    ######.


Dungeon Overview and Level Annotations

Branches:
Dungeon (7/15)             Temple (0/1) D:4

Altars:
Fedhas
Nemelex Xobeh
Okawaru
Ru
Uskayaw
Wu Jian
Xom
Yredelemnul
The Shining One

Shops:
D:4 =   D:5 (

Annotations:
D:5 exclusion: oklob plant


Innate Abilities, Weirdness & Mutations

You are frail. (-10% HP)
You cannot be stealthy.


Message History

You completely miss the orc warrior.
The orc warrior is heavily wounded.
You slash the orc warrior!
The orc warrior hits you with a +0 hand axe!!
* * * LOW HITPOINT WARNING * * *
A gnoll comes into view. It is wielding a +0 hand axe.
The orc warrior hits you with a +0 war axe!!
* * * LOW HITPOINT WARNING * * *
You are too injured to fight recklessly!
You are too injured to fight recklessly!
You are too injured to fight recklessly!
Okay, then.
Press: ? - help, v - describe, . - travel
Here: an orc warrior, wielding a +0 hand axe and wearing a +0 ring mail (heavily wounded, unusually strong)
An open door, spattered with blood.
You hit the orc warrior.
The orc warrior is heavily wounded.
You hit the orc warrior.
The orc warrior hits you with a +0 hand axe!
You die...

### ##8##
##.∩.##
#8^^.8#
##.o@## ##o##
#∩..K≈o≈K..∩#
#+###≈.≈###+#


K≈g≈K ##≈g≈## K≈.≈K #≈g≈# .≈.≈K You could see an orc knight, 2 orc warriors, 2
gnolls, a hobgoblin and 3 kobolds.

Vanquished Creatures
  Menkaure (D:5)
  Duvessa (D:6)
  2 necrophages (D:6)
  A black bear (D:7)
  2 ogres
  2 phantoms
  3 centaurs
  Dowan (D:6)
  3 scorpions
  4 killer bees (D:7)
  A howler monkey (D:7)
  3 wights (D:6)
  3 crimson imps
  2 hounds
  7 orc priests
  Jessica (D:2)
  2 iguanas
  4 orc wizards
  4 worker ants
  A hound zombie (D:6)
  2 hound skeletons
  3 mummies (Ossuary)
  Robin (D:3)
  8 gnolls
  11 adders
  A shadow imp (D:6)
  5 worms
  3 adder skeletons (D:5)
  3 adder zombies (Ossuary)
  2 dart slugs
  13 orcs
  4 giant cockroaches
  12 goblins
  12 hobgoblins
  3 jackals
  13 kobolds
  7 quokkas
  2 ball pythons (D:1)
  10 bats
  5 frilled lizards
  3 hobgoblin zombies (Ossuary)
  4 kobold zombies (Ossuary)
  An orc zombie (Ossuary)
  A quokka skeleton (D:5)
  4 quokka zombies (Ossuary)
  7 rats
  3 rat zombies (Ossuary)
191 creatures vanquished.

Notes
Turn   | Place    | Note
-------+----------+-------------------------------------------
     0 | D:1      | Gynju the Hill Orc Fighter began the quest for the Orb.
     0 | D:1      | Reached XP level 1. HP: 19/19 MP: 1/1
    39 | D:1      | Reached skill level 3 in Axes
   111 | D:1      | Reached XP level 2. HP: 22/26 MP: 2/2
   354 | D:1      | Reached skill level 4 in Axes
   824 | D:1      | Reached XP level 3. HP: 31/31 MP: 3/3
   935 | D:2      | Reached skill level 5 in Axes
  1005 | D:2      | Noticed Jessica
  1011 | D:2      | Killed Jessica
  1011 | D:2      | Reached XP level 4. HP: 39/39 MP: 4/4
  1059 | D:2      | Found a sacrificial altar of Ru.
  1128 | D:2      | Reached skill level 6 in Axes
  1231 | D:2      | Noticed a centaur
  1246 | D:2      | Killed a centaur
  1246 | D:2      | Reached skill level 7 in Axes
  1246 | D:2      | Reached XP level 5. HP: 30/45 MP: 5/5
  1521 | D:2      | Became a worshipper of Ru the Awakened
  1656 | D:2      | Reached skill level 8 in Axes
  1656 | D:2      | Reached XP level 6. HP: 6/51 MP: 0/6
  2021 | D:3      | Found a sparkling altar of Nemelex Xobeh.
  2142 | D:3      | Noticed Robin
  2196 | D:3      | Killed Robin
  2437 | D:3      | Reached skill level 9 in Axes
  2738 | D:3      | Reached XP level 7. HP: 57/57 MP: 7/7
  2852 | D:4      | Gained mutation: You cannot be stealthy. [Ru sacrifice]
  2861 | D:4      | Found Ejoufuro's Jewellery Boutique.
  2964 | D:4      | Found an iron altar of Okawaru.
  3149 | D:4      | Reached skill level 10 in Axes
  3239 | D:4      | Found a staircase to the Ecumenical Temple.
  3464 | D:5      | Entered Level 5 of the Dungeon
  3464 | D:5      | Noticed Menkaure
  3473 | D:5      | Killed Menkaure
  3482 | D:5      | Reached skill level 11 in Axes
  3513 | D:5      | Reached XP level 8. HP: 35/64 MP: 5/8
  3826 | D:5      | Reached skill level 12 in Axes
  4026 | D:5      | Found a sand-covered staircase.
  4033 | Ossuary  | Entered an ossuary
  4431 | D:5      | Found an ornate altar of the Wu Jian Council.
  4454 | D:5      | Found Xoefair's Weapon Boutique.
  4590 | D:5      | Found a basalt altar of Yredelemnul.
  4598 | D:5      | Gained mutation: You are frail. (-10% HP) [Ru sacrifice]
  4598 | D:5      | Reached * piety under Ru
  4598 | D:5      | Reached ** piety under Ru
  4600 | D:5      | Found a glowing golden altar of the Shining One.
  4772 | D:5      | Found a blossoming altar of Fedhas.
  4782 | D:5      | Noticed an oklob plant
  4862 | D:5      | Noticed an angel
  4998 | D:6      | Noticed Dowan
  4999 | D:6      | Noticed Duvessa
  5017 | D:6      | Killed Duvessa
  5026 | D:6      | Killed Dowan
  5026 | D:6      | Reached skill level 13 in Axes
  5632 | D:6      | Reached XP level 9. HP: 63/63 MP: 9/9
  5794 | D:6      | Found a hide-covered altar of Uskayaw.
  5944 | D:7      | Reached skill level 14 in Axes
  6001 | D:7      | HP: 3/65 [poisoned by a killer bee]
  6015 | D:7      | Reached skill level 5 in Fighting
  6444 | D:7      | Found a shimmering altar of Xom.
  6444 | D:7      | Found a shimmering altar of Xom.
  6445 | D:7      | Found a shimmering altar of Xom.
  6447 | D:7      | Found a shimmering altar of Xom.
  6454 | D:7      | Found a shimmering altar of Xom.
  6551 | D:7      | Found a flagged portal.
  6561 | Bailey   | Entered a bailey
  6583 | Bailey   | Noticed an orc knight
  6587 | Bailey   | HP: 2/66 [orc warrior/+0 war axe (16)]
  6588 | Bailey   | Slain by an orc warrior

Levels and vault maps discovered:
D:1:      dpeg_arrival_rooms_c, layout_basic
D:2:      layout_rooms, marbit_many_paths, uniq_jessica
D:3:      layout_loops_ring, nemelex_xobeh_ov_fountains_minmay, first_ration,
          minmay_increasing_density, uniq_robin
D:4:      layout_cave_pools, kennysheep_okawaru_gauntlet, temple_green,
          serial_shops, shop
D:5:      layout_basic, tgw_fedhas, old_standard_altar,
          grunt_temple_overflow_holy_war, serial_shops, nicolae_shop_crystal,
          chequers_ossuary_entry_cave, kennysheep_nondescript, uniq_menkaure
D:6:      layout_loops_ring, kennysheep_mini, uniq_duvessa
D:7:      cheibrodos_helix_gallery, layout_cave_pools, xom_shifter_show,
          enter_bailey_1
Bailey:   bailey_axe_1, bailey

Skill      XL: |  1  2  3  4  5  6  7  8  9 |
---------------+----------------------------+-----
Axes           | 3 4 5 7 8 9 11 13 14 | 14.3
Fighting       | 4 5 |  5.3
Armour         | 4 |  4.8
Shields        | 4 |  4.8

Action                   |  1- 3 |  4- 6 |  7- 9 || total
-------------------------+-------+-------+-------++-------
Melee: War axe           |   108 |   205 |   344 ||   657
       Flail             |       |    32 |       ||    32
       Battleaxe         |       |       |    13 ||    13
Invok: Sacrifice Stealth |       |       |     1 ||     1
       Sacrifice Health  |       |       |     1 ||     1
  Use: Scroll            |       |       |    10 ||    10
       Potion            |       |       |     6 ||     6
 Stab: Distracted        |       |       |     3 ||     3
  Eat: Chunk             |     1 |     6 |     9 ||    16
       Ration            |       |       |     1 ||     1
Armor: Scale mail        |    17 |       |       ||    17
       Plate armour      |    79 |   135 |   218 ||   432
Dodge: Dodged            |    24 |    30 |    49 ||   103
Block: Shield            |    68 |   133 |   146 ||   347

Table legend:
 A = Non-vault XP
 B = Vault XP
 C = Vault XP percentage of total XP
 D = Non-vault monster count
 E = Vault monster count
 F = Vault count percentage of total count
                 A         B        C        D         E       F
            +---------+---------+-------+---------+---------+-------
      Total |    2933 |     827 |  22.0 |     146 |      45 |  23.6
            +---------+---------+-------+---------+---------+-------
        D:1 |      45 |       0 |   0.0 |      27 |       0 |   0.0
        D:2 |     217 |      43 |  16.5 |      24 |       2 |   7.7
        D:3 |     267 |      47 |  15.0 |      31 |      17 |  35.4
        D:4 |     279 |       0 |   0.0 |      10 |       0 |   0.0
        D:5 |     497 |     183 |  26.9 |      18 |       1 |   5.3
        D:6 |     845 |     218 |  20.5 |      16 |       2 |  11.1
        D:7 |     783 |     251 |  24.3 |      20 |       2 |   9.1
    Ossuary |       0 |      85 | 100.0 |       0 |      21 | 100.0
            +---------+---------+-------+---------+---------+-------
